 Dungeon Crawl Stone Soup version 0.30-a0-930-gb9d0489357 (webtiles) character file.

Game seed: 17839250734541510702

813 lunkers the Basher (level 8, 0/51 (61) HPs)
             Began as a Meteoran Reaver on Mar 23, 2023.
             Was an Initiate of Ashenzari.
             Splashed by a jelly's acid (3 damage)
             ... on level 5 of the Dungeon.
             The game lasted 00:07:54 (2204 turns).

lunkers the Basher (Meteoran Reaver)                Turns: 2204, Time: 00:07:55

HP:   0/51 (61)     AC:  5    Str: 15    XL:     8   Next: 38%
MP:   0/13          EV: 11    Int: 16    God:    Ashenzari [......]
Gold: 159           SH:  0    Dex: 12    Spells: 6/12 levels left

rFire   . . .      SeeInvis .    p - +0 flail
rCold   . . .      Faith    .    (no shield)
rNeg    . . .      Spirit   +    h - +0 ring mail
rPois   .          Reflect  .    (no helmet)
rElec   .          Rampage  .    (no cloak)
rCorr   .                        (no gloves)
Will    +....                    (no boots)
Stlth   +                        q - amulet "Jealousy of Ashenzari" {Spirit, Cun, Bglg} (curse)
HPRegen 0.28/turn                (no ring)
MPRegen 0.13/turn                (no ring)

@: mighty, glowing, heavily drained
A: sense surroundings 1, otherworldly, glowing, explore regen
a: Renounce Religion, Shatter the Chains


You were on level 5 of the Dungeon.
You worshipped Ashenzari.
Ashenzari was noncommittal.
You visited 1 branch of the dungeon, and saw 5 of its levels.

You collected 159 gold pieces.

Inventory:

Hand Weapons
 a - a +0 mace
 p - a +0 flail (weapon)
Armour
 b - a +0 leather armour
 h - a +0 ring mail (worn)
Jewellery
 q - the cursed amulet "Jealousy of Ashenzari" (around neck) {Spirit, Cun, Bglg}
   (You found it on level 4 of the Dungeon)

   [amulet of guardian spirit]

   It causes incoming damage to be divided between your reserves of health and
   magic.
   It has a curse which improves the following skills: Cunning: Dodging and
   Stealth.
   Beguiling: Conjurations, Hexes and Translocations.
Scrolls
 d - a scroll of amnesia {unknown}
 f - a scroll of vulnerability {unknown}
 g - a scroll of enchant weapon {unknown}
 i - a scroll of immolation {unknown}
 j - 3 scrolls of teleportation
 m - a scroll of identify {unknown}
 o - a scroll of noise {unknown}
Potions
 e - a potion of invisibility {unknown}
 k - a potion of degeneration {unknown}
 l - a potion of brilliance {unknown}


   Skills:
 - Level 2.1 Fighting
 + Level 11.8 Maces & Flails
 - Level 2.4(2.7) Dodging
 - Level 2.6 Spellcasting
 - Level 3.6(4.0) Conjurations


You had 6 spell levels left.
You knew the following spells:

 Your Spells              Type           Power      Damage    Failure   Level
b - Momentum Strike       Conj/Tloc      16%        3d8       26%         2
c - Hailstorm             Conj/Ice       8%         3d4       45%         3
p - Kiss of Death         Conj/Necr      32%        2d7       17%         1

Your spell library contained the following spells:

 Spells                   Type           Power      Damage    Failure   Level


Dungeon Overview and Level Annotations

Branches:
Dungeon (5/15) Zot: 793
 Temple: D:4-7

Altars:
Ashenzari
Cheibriados


Innate Abilities, Weirdness & Mutations

You passively map a small area around you.
You are easily found by Zot.
You glow in the dark.
You regain HP and MP as you explore.


Message History

* * * LOW HITPOINT WARNING * * *
You sock the gnoll!
You kill the gnoll!
Unknown command.
You hit the gnoll.
The gnoll is lightly wounded.
The gnoll hits you with a +0 flail.
* * * LOW MAGIC WARNING * * *
* * * LOW HITPOINT WARNING * * *
The gnoll misses you.
You hit the gnoll.
The gnoll is severely wounded.
The gnoll is no longer moving quickly.
The gnoll completely misses you.
The gnoll hits you from afar with a +0 spear.
* * * LOW MAGIC WARNING * * *
* * * LOW HITPOINT WARNING * * *
You sock the gnoll!
You kill the gnoll!
The gnoll hits you from afar with a +0 spear.
* * * LOW MAGIC WARNING * * *
* * * LOW HITPOINT WARNING * * *
You closely miss the iguana. You sock the iguana!
The iguana is severely wounded.
The iguana barely misses you.
The gnoll hits you from afar with a +0 spear.
* * * LOW HITPOINT WARNING * * *
You hit the iguana.
You kill the iguana!
Your attacks no longer feel as feeble.
The gnoll barely misses you.
You bludgeon the gnoll!!
You kill the gnoll!
There is an open door, spattered with blood here.
Items here: ))) †.
A jelly comes into view.
The jelly quivers.
You bludgeon the jelly!!
Your hands burn!
* * * LOW MAGIC WARNING * * *
You die...

, +.....# , , , ,,,
#.....+ , , * , #.....#+#.
, , #..)...... , , , ,,
#.........* , .. ,
#########.†.......
..######.........########*
..#....#........J#.....+
..#....#........@#)....#
..#....'.........).....#,
,
..##...#.........###...#*,
, ..##...#.....##### ...#
, .......#.....# .....
.......#.....# ....... ,
.......#.....# ,....... ,
.......#.....# * .......
,, #'##+###.....# #####..
*


You could see a jelly.

Vanquished Creatures
  Menkaure (D:4)
  A black bear (D:4)
  2 phantoms
  3 scorpions
  A hound (D:5)
  A gnoll bouda (D:5)
  An iguana (D:5)
  Robin (D:4)
  4 gnolls (D:5)
  7 adders
  An ufetubus (D:4)
  2 dart slugs
  5 orcs
  4 bats
  4 endoplasms
  4 giant cockroaches
  10 goblins
  8 hobgoblins
  4 jackals
  4 quokkas
  9 ball pythons
  2 frilled lizards (D:3)
  4 rats
83 creatures vanquished.

Notes
Turn   | Place    | Note
-------+----------+-------------------------------------------
     0 | D:1      | lunkers the Meteoran Reaver began the quest for the Orb.
     0 | D:1      | Reached XP level 1. HP: 17/17 MP: 5/5
    82 | D:1      | Reached XP level 2. HP: 22/24 MP: 6/6
   169 | D:1      | Reached skill level 5 in Maces & Flails
   198 | D:1      | Reached XP level 3. HP: 19/29 MP: 8/8
   628 | D:3      | Reached XP level 4. HP: 36/36 MP: 9/9
   643 | D:3      | Reached skill level 6 in Maces & Flails
  1135 | D:3      | Reached XP level 5. HP: 29/41 MP: 10/10
  1253 | D:3      | Reached skill level 7 in Maces & Flails
  1351 | D:4      | Found a snail-covered altar of Cheibriados.
  1367 | D:4      | Noticed Menkaure
  1383 | D:4      | Killed Menkaure
  1384 | D:4      | Reached skill level 8 in Maces & Flails
  1384 | D:4      | Reached XP level 6. HP: 8/48 MP: 11/11
  1453 | D:4      | Reached skill level 9 in Maces & Flails
  1460 | D:4      | Found a broken altar of Ashenzari.
  1486 | D:4      | Became a worshipper of Ashenzari the Shackled
  1552 | D:4      | Noticed a black bear
  1555 | D:4      | Noticed Robin
  1595 | D:4      | Reached XP level 7. HP: 5/49 MP: 2/12
  1600 | D:4      | HP: 2/49 [bat (1)]
  1787 | D:4      | Reached skill level 10 in Maces & Flails
  1830 | D:4      | HP: 1/28 [goblin/+0 club[Robin] (2)]
  2013 | D:4      | Killed Robin
  2080 | D:5      | Entered Level 5 of the Dungeon
  2129 | D:5      | Reached skill level 11 in Maces & Flails
  2129 | D:5      | Reached XP level 8. HP: 16/43 MP: 6/13
  2132 | D:5      | Learned a level 2 spell: Momentum Strike
  2137 | D:5      | Learned a level 3 spell: Hailstorm
  2194 | D:5      | HP: 1/50 [gnoll/+0 spear[a gnoll bouda] (2)]
  2204 | D:5      | Splashed by a jelly's acid

Illustrated notes

Levels and vault maps discovered:
D:1:      saegor_arrival_simple_a, layout_loops_ring, basic_ecumenical_altar
D:2:      layout_loops_cross, basic_altar
D:3:      layout_basic, minmay_strange_pillars, minmay_misc_feat_tower,
          amcnicky_mini_corridor_feature
D:4:      old_forge, layout_cave_pods,
          mainiacjoe_overflow_concentric_impassable,
          mainiacjoe_overflow_boulevard, mainiacjoe_overflow_alcove_4,
          serial_glass, glass_columns_a, glass_columns_b, glass_columns_a,
          glass_columns_b, uniq_menkaure, uniq_robin
D:5:      layout_gridville, kennysheep_mini, nrook_campfire,
          nicolae_grassy_gnolls, uniq_sigmund, uniq_blork_the_orc, uniq_edmund,
          uniq_grinder

Skill      XL: |  1  2  3  4  5  6  7 |
---------------+----------------------+-----
Maces & Flails | 5 6 8 9 11 | 11.8
Fighting       | |  2.1
Dodging        | |  2.4
Spellcasting   | |  2.6
Conjurations   | |  3.6

Action                     |  1- 3 |  4- 6 |  7- 9 || total
---------------------------+-------+-------+-------++-------
  Melee: Mace              |    82 |   110 |       ||   192
         Punch             |       |     1 |     2 ||     3
         Flail             |       |    39 |   113 ||   152
   Cast: Kiss of Death     |       |     1 |     5 ||     6
 Invoke: Curse Item        |       |       |     1 ||     1
    Use: Scroll            |       |     1 |     1 ||     2
         Potion            |       |       |     3 ||     3
 Armour: Leather armour    |    28 |       |       ||    28
         Ring mail         |     4 |    76 |    52 ||   132
  Dodge: Dodged            |    53 |    76 |    68 ||   197

Table legend: (Time is in decaauts)
 A = Elapsed time spent in this place.
 B = Non-inter-level travel time spent in this place.
 C = Inter-level travel time spent in this place.
 D = Time resting spent in this place.
 E = Time spent auto-exploring this place.
 F = Levels seen in this place.
 G = Mean time per level.
                   A        B        C        D        E       F      G
               +--------+--------+--------+--------+--------+-----+--------+
         Total |   2206 |   2047 |    159 |      0 |   1299 |   5 |  441.2 |
       Dungeon |   2206 |   2047 |    159 |      0 |   1299 |   5 |  441.2 |
               +--------+--------+--------+--------+--------+-----+--------+

Top non-repeatable levels by time:
     D:3: 799 daAuts
     D:4: 673 daAuts
     D:2: 334 daAuts
     D:1: 284 daAuts
     D:5: 115 daAuts
